Map: Eternal Empire LE

Players

Nina - Winner!

  • Race: Protoss Protoss
  • League: Grandmaster
  • Spawn Location: 7:00

MCanning

  • Race: Protoss Protoss
  • Spawn Location: 1:00

Event: DreamHack SC2 Masters 2020 Fall

VOD

Have the link to the VOD?

Description

Time

  • Played on: Sept. 11, 2020, 5:14 p.m.
  • Length: 7:55

All games in this series

Show
View Real Time Build Order
Export as new Build Order

Nina Protoss - Winner!

Build Orders: Oracle Opening 

Get SALT Encoding   

  12  0:00  Probe (Chrono Boost)  
  13  0:10  Probe (Chrono Boost)  
  14  0:16  Probe  
  14  0:21  Pylon  
  15  0:39  Gateway, Probe  
  16  0:51  Probe  
  16  0:53  Assimilator  
  16  0:55  Assimilator  
  17  1:03  Probe (Chrono Boost)  
  18  1:10  Gateway  
  18  1:14  Probe (Chrono Boost)  
  19  1:18  Probe (Chrono Boost)  
  20  1:26  Cybernetics Core  
  20  1:29  Probe  
  21  1:33  Pylon  
  21  1:42  Probe  
  22  1:54  Probe  
  23  2:00  Unknown  
  23  2:01  Unknown x2  
  23  2:04  Stalker x2  
  23  2:05  Warp Gate  
  23  2:06  Probe  
  28  2:16  Pylon  
  28  2:20  Probe  
  29  2:31  Pylon  
  29  2:36  Stargate  
  29  2:41  Stalker  
  31  2:47  Stalker  
  33  2:55  Probe  
  34  3:13  Nexus  
  34  3:20  Oracle (Chrono Boost)  
  37  3:30  Pylon  
  37  3:35  Probe  
  38  3:47  Oracle (Chrono Boost)  
  38  3:48  Probe  
  39  3:55  Stalker  
  44  4:00  Probe  
  45  4:07  Stalker  
  47  4:16  Pylon  
  47  4:25  Probe  
  47  4:28  Twilight Council  
  47  4:29  Probe  
  49  4:37  Probe  
  50  4:38  Stalker  
  50  4:39  Stalker  
  54  4:49  Gateway  
  54  4:58  Probe  
  53  5:01  Probe  
  47  5:17  Probe  
  47  5:19  Probe (Chrono Boost)  
  47  5:20  Blink (Chrono Boost)  
  49  5:24  Stalker  
  49  5:27  Stalker  
  53  5:31  Probe (Chrono Boost)  
  53  5:35  Probe (Chrono Boost)  
  55  5:39  Probe (Chrono Boost)  
  57  5:43  Probe (Chrono Boost)  
  57  5:45  Probe  
  57  5:46  Forge  
  58  5:53  Probe  
  59  5:57  Probe  
  59  6:02  Gateway  
  59  6:03  Gateway  
  60  6:05  Probe  
  60  6:06  Gateway  
  60  6:09  Gateway  
  60  6:10  Probe  
  62  6:18  Probe  
  63  6:24  Photon Cannon  
  63  6:26  Stalker  
  63  6:30  Probe  
  64  6:33  Probe  
  64  6:37  Stalker  
  66  6:42  Photon Cannon  
  66  6:43  Probe  
  66  6:45  Pylon  
  64  6:56  Stalker  
  64  6:58  Stalker x2  
  70  7:02  Pylon  
  70  7:04  Stalker  
  72  7:08  Stalker  
  72  7:13  Stalker  
  76  7:18  Assimilator  
  72  7:35  Stalker x3  
  78  7:39  Pylon  
Show
View Real Time Build Order
Export as new Build Order

MCanning Protoss 

Build Orders:  

Get SALT Encoding   

  12  0:00  Probe  
  13  0:12  Probe  
  14  0:18  Pylon  
  14  0:24  Probe  
  15  0:36  Probe (Chrono Boost)  
  15  0:38  Gateway  
  16  0:47  Assimilator, Probe (Chrono Boost)  
  17  0:52  Probe (Chrono Boost)  
  17  0:56  Assimilator  
  18  1:03  Probe (Chrono Boost)  
  19  1:13  Gateway  
  19  1:15  Probe (Chrono Boost)  
  20  1:20  Probe (Chrono Boost)  
  21  1:27  Cybernetics Core  
  21  1:30  Probe  
  22  1:38  Pylon  
  22  1:42  Probe  
  23  1:53  Unknown x2  
  23  1:54  Unknown  
  23  1:56  Probe  
  24  2:02  Warp Gate (Chrono Boost)  
  24  2:04  Adept x2  
  28  2:08  Probe  
  28  2:09  Unknown  
  28  2:13  Pylon  
  29  2:19  Pylon  
  29  2:22  Probe  
  30  2:24  Pylon  
  30  2:34  Adept  
  30  2:35  Adept  
  34  3:04  Adept  
  34  3:05  Adept  
  38  3:08  Pylon  
  38  3:14  Shield Battery  
  38  3:21  Nexus  
  38  3:28  Probe  
  39  3:40  Probe (Chrono Boost)  
  40  3:43  Adept x2  
  44  3:52  Robotics Facility, Probe (Chrono Boost)  
  45  3:57  Probe (Chrono Boost)  
  46  4:05  Pylon  
  46  4:10  Probe (Chrono Boost)  
  46  4:15  Shield Battery  
  48  4:24  Probe (Chrono Boost)  
  48  4:25  Sentry  
  48  4:26  Sentry  
  52  4:34  Forge, Probe (Chrono Boost)  
  52  4:35  Probe (Chrono Boost)  
  54  4:45  Observer, Probe (Chrono Boost)  
  57  4:48  Probe (Chrono Boost)  
  57  4:49  Sentry  
  59  4:55  Stalker  
  39  5:11  Probe x2  
  34  5:23  Probe (Chrono Boost)  
  34  5:25  Probe (Chrono Boost)  
  34  5:35  Probe (Chrono Boost)  
  35  5:40  Probe (Chrono Boost)  
  35  5:41  Probe (Chrono Boost)  
  35  5:42  Stalker x2  
  41  5:48  Probe (Chrono Boost)  
  41  5:49  Probe (Chrono Boost)  
  42  6:01  Probe (Chrono Boost)  
  44  6:05  Probe (Chrono Boost)  
  44  6:08  Probe (Chrono Boost), Stalker x2  
  45  6:11  Robotics Bay  
  45  6:12  Probe (Chrono Boost)  
  45  6:16  Probe  
  47  6:24  Probe  
  47  6:25  Twilight Council  
  48  6:28  Probe  
  47  6:34  Immortal (Chrono Boost)  
  47  6:36  Probe  
  50  6:40  Probe  
  51  6:52  Probe x2 (Chrono Boost)  
  50  6:57  Assimilator  
  50  6:58  Stalker  
  54  7:01  Assimilator  
  54  7:02  Probe (Chrono Boost)  
  54  7:03  Probe (Chrono Boost)  
  54  7:07  Probe, Pylon  
  54  7:09  Zealot  
  54  7:12  Probe  
  58  7:19  Probe  
  57  7:24  Probe  
  55  7:31  Probe, Stalker  
  54  7:37  Gateway  
  54  7:38  Stalker  
  54  7:39  Shield Battery  

Tags
 
Add a new tag
Caveats
  • Supply blocks, unpowered buildings, or Contaminate may cause inaccurate times.
  • Supply counts are checked every 10 seconds.